 Dungeon Crawl Stone Soup version 0.31.0-9-g3a7656b989 (webtiles) character file.

Game seed: 18043220406583421540

118465 James the Peltast (level 16, -3/135 HPs)
             Began as a Minotaur Fighter on Feb 4, 2024.
             Was the Champion of Hepliaklqana.
             Slain by a boulder beetle (22 damage)
             ... on level 2 of the Spider Nest on Feb 5, 2024.
             The game lasted 01:49:37 (32404 turns).

James the Peltast (Minotaur Fighter)               Turns: 32404, Time: 01:49:37

Health: -3/135     AC: 33    Str: 28    XL:     16   Next: 25%
Magic:  14/14      EV: 10    Int: 10    God:    Hepliaklqana [******]
Gold:   2758       SH: 20    Dex: 17    Spells: 15/15 levels left

rFire   + . .        a - +4 morningstar (heavy)
rCold   + . .        D - +1 kite shield
rNeg    . . .        l - +1 crystal plate armour
rPois   +            C - +2 hat
rElec   +            K - scarf {rC+ rF+}
rCorr   .            W - +1 pair of gloves of Lakinoh {rElec Will- Int+5}
SInv    +            R - +2 pair of boots "Amis" {rPois Will- MP-9 SInv}
Will    .....        t - amulet of reflection Stlth
                     q - +6 ring of dexterity
HPRegen 0.42/turn    L - +4 ring of slaying
MPRegen 0.14/turn

%: reflection
@: no status effects
A: reduced essence, horns 2, retaliatory headbutt
a: Renounce Religion, Recall Ancestor, Ancestor Identity, Transference, Idealise


You were on level 2 of the Spider Nest.
You worshipped Hepliaklqana.
Hepliaklqana was exalted by your worship.
You visited 5 branches of the dungeon, and saw 25 of its levels.
You also visited: Gauntlet and Ice Cave.

You collected 3072 gold pieces.
You spent 314 gold pieces at shops.

Inventory:

Hand Weapons
 a - a +4 heavy morningstar (weapon)
   (You found it on level 8 of the Dungeon)
 b - a +2 flail of holy wrath
   (You took it off a gnoll on level 6 of the Dungeon)
 Y - a +2 trident of flaming
   (You found it on level 8 of the Dungeon)
Missiles
 k - 5 javelins
 u - 4 throwing nets {!f}
 Q - 31 boomerangs
 V - 3 curare-tipped darts (quivered) {!f}
Armour
 g - +0 acid dragon scales
   (You found it on level 11 of the Dungeon)
 l - a +1 crystal plate armour (worn)
   (You acquired it on level 13 of the Dungeon)
 z - the +3 Mad Mage's Maulers {Infuse+∞ VampMP -Cast}
   (You found it in a Gauntlet)

   Infuse+∞: It empowers its wearer's blows with all of their magic.
   VampMP:    Blows struck in melee replenish the wearer's magic.
   -Cast:     It prevents spellcasting.
 C - a +2 hat (worn)
   (You found it in an ice cave)
 D - a +1 kite shield (worn)
   (You took it off an orc warlord on level 1 of the Orcish Mines)
 F - a +0 cloak
   (You found it on level 8 of the Dungeon)
 K - a scarf of resistance (worn)
   (You found it on level 1 of the Spider Nest)
 R - the +2 pair of boots "Amis" (worn) {rPois Will- MP-9 SInv}
   (You found it on level 9 of the Dungeon)

   rPois:     It protects you from poison Will-: It decreases your willpower.
   MP-9:      It affects your magic capacity (-9).
   SInv:      It lets you see invisible.
 U - a +3 scale mail of positive energy
   (You found it on level 9 of the Dungeon)
 W - the +1 pair of gloves of Lakinoh (worn) {rElec Will- Int+5}
   (You found it on level 9 of the Dungeon)

   Int+5:     It affects your intelligence (+5).
   rElec:     It insulates you from electricity.
   Will-:     It decreases your willpower.
 Z - a +2 plate armour of fire resistance
   (You took it off an orc warrior on level 9 of the Dungeon)
Jewellery
 i - a ring of protection from fire
   (You found it on level 4 of the Lair of Beasts)
 q - a +6 ring of dexterity (left hand)
   (You found it on level 2 of the Dungeon)
 t - an amulet of reflection (around neck)
   (You found it on level 1 of the Lair of Beasts)
 B - the ring "Syehau Wuri" {rC+ Int+2}
   (You found it in an ice cave)

   [ring of protection from cold]

   Int+2:     It affects your intelligence (+2).
   rC+:       It protects you from cold.
 I - a ring of flight
   (You found it on level 8 of the Dungeon)
 L - a +4 ring of slaying (right hand)
   (You found it on level 4 of the Dungeon)
Wands
 n - a wand of roots (20)
   (You found it on level 7 of the Dungeon)
 v - a wand of digging (7)
   (You found it on level 13 of the Dungeon)
 H - a wand of charming (23)
   (You found it on level 10 of the Dungeon)
 S - a wand of light (17)
   (You found it on level 1 of the Lair of Beasts)
Scrolls
 c - a scroll of enchant armour
 j - 9 scrolls of fog
 m - 8 scrolls of teleportation {@r4}
 o - a scroll of poison
 G - 3 scrolls of immolation {!r}
 N - 6 scrolls of revelation
 O - 4 scrolls of fear
 T - a scroll of blinking
Potions
 d - 5 potions of might
 e - 3 potions of degeneration {!q}
 f - 9 potions of curing {@q1}
 h - a potion of resistance
 p - 3 potions of heal wounds {@q2}
 w - a potion of mutation {!q}
 y - 3 potions of invisibility
 A - 2 potions of cancellation
 J - 2 potions of ambrosia
 M - 3 potions of haste {@q3}
 P - 3 potions of magic
 X - 2 potions of enlightenment
Miscellaneous
 r - a sack of spiders
   (You found it on level 9 of the Dungeon)
 x - a condenser vane
   (You found it on level 9 of the Dungeon)


   Skills:
 + Level 15.8 Fighting
 - Level 16.0 Maces & Flails
 + Level 15.8 Armour
 - Level 10.0 Dodging
 * Level 16.4 Shields
 + Level 11.4 Invocations


You had 15 spell levels left.
You didn't know any spells.
Your spell library contained the following spells:

 Spells                   Type           Power      Damage    Failure   Level
 Freeze                   Ice            0%         1d3       100%        1
 Magic Dart               Conj           0%         1d3       100%        1
 Blink                    Tloc           0%         N/A       100%        2
 Call Imp                 Summ           0%         N/A       100%        2
 Cigotuvi's Dreadful Rot  Necr/Alch/Air  0%         N/A       100%        2
 Scorch                   Fire           0%         2d5       100%        2
 Sublimation of Blood     Necr           0%         N/A       100%        2
 Call Canine Familiar     Summ           0%         N/A       100%        3
 Frozen Ramparts          Ice            0%         1d1       100%        3
 Hailstorm                Conj/Ice       0%         3d5       100%        3
 Sigil of Binding         Hex            0%         N/A       100%        3
 Animate Armour           Summ/Erth      0%         N/A       100%        4
 Dimensional Bullseye     Hex/Tloc       0%         N/A       100%        4
 Flame Wave               Conj/Fire      0%         2d4       100%        4
 Leda's Liquefaction      Alch/Erth      0%         N/A       100%        4
 Petrify                  Alch/Erth      0%         N/A       100%        4
 Summon Lightning Spire   Summ/Air       0%         N/A       100%        4
 Vhi's Electric Charge    Tloc/Air       0%         N/A       100%        4
 Irradiate                Conj/Alch      0%         3d11      100%        5
 Lee's Rapid Deconstruct  Erth           0%         3d4*      100%        5
 Bombard                  Conj/Erth      0%         9d1       100%        6
 Death Channel            Necr           0%         N/A       100%        6
 Summon Cactus Giant      Summ           0%         N/A       100%        6
 Infestation              Necr           0%         N/A       100%        8


Dungeon Overview and Level Annotations

Branches:
Dungeon (15/15)            Temple (1/1) D:4            Lair (5/5) D:11
 Shoals (0/4) Lair:2       Spider (2/4) Lair:2        Slime (0/5) Lair:5
    Orc (2/2) D:9             Elf (0/3) Orc:2        Vaults (0/5) D:13
 Depths (0/4) D:15          IceCv (visited)         Gauntlet (visited)

Altars:
Ashenzari
Cheibriados
Dithmenos
Elyvilon
Fedhas
Gozag
Hepliaklqana
Kikubaaqudgha
Makhleb
Nemelex Xobeh
Okawaru
Qazlal
Ru
Sif Muna
Trog
Uskayaw
Vehumet
Wu Jian
Xom
Yredelemnul
Zin
The Shining One
Jiyva
Lugonu

Shops:
D:4 ?   D:8 *   D:9 ([:   D:13 *   Orc:1 *   Orc:2 ([*=

Portals:
Abyss: Lair:5

Annotations:
D:15 Roxanne
Lair:1 2 transporters


Innate Abilities, Weirdness & Mutations

Your life essence is reduced to manifest your ancestor. (-10% HP)
You have a pair of horns on your head.
You reflexively headbutt those who attack you in melee.


Message History

You block the boulder beetle's attack.
You impale the boulder beetle!!
You headbutt the boulder beetle, but do no damage.
You feel sick. You block the boulder beetle's attack.
The boulder beetle stops rolling and uncurls.
The boulder beetle curls into a ball and begins rolling!
You block the boulder beetle's attack.
You thump the boulder beetle!
You headbutt the boulder beetle, but do no damage.
You feel sick.
The boulder beetle leaps!
The boulder beetle bites you but does no damage.
The boulder beetle curls into a ball and begins rolling!
You pound the boulder beetle like an anvil!!!
You kill the boulder beetle!
You feel sick.
You are no longer poisoned.
You block the culicivora's attack. You block the boulder beetle's attack.
The boulder beetle stops rolling and uncurls.
Things that are here:
a +0 war axe; a +0 leather armour; a meliai corpse You block the culicivora's attack.
You block the boulder beetle's attack.
The boulder beetle stops rolling and uncurls.
The boulder beetle bites you but does no damage.
You block the boulder beetle's attack. The culicivora closely misses you.
The culicivora attacks as it pursues you!
You block the culicivora's attack. You block the boulder beetle's attack.
You block the culicivora's attack.
The jumping spider leaps!
The boulder beetle curls into a ball and begins rolling!
You block the jumping spider's attack. x2
You block the jumping spider's attack. x2; The boulder beetle hits you!!
* * * LOW HITPOINT WARNING * * *
The boulder beetle stops rolling and uncurls.
The jumping spider attacks as it pursues you!
You block the jumping spider's attack.
The jumping spider bites you but does no damage.
The jumping spider leaps!
The boulder beetle curls into a ball and begins rolling!
The boulder beetle attacks as it pursues you!
The boulder beetle barely misses you. You furiously retaliate!
You headbutt the boulder beetle!
The culicivora attacks as it pursues you!
The culicivora bites you but does no damage.
The culicivora attacks as it pursues you!
You block the culicivora's attack. x2; The boulder beetle leaps!
The jumping spider leaps!
The jumping spider leaps!
The boulder beetle attacks as it pursues you!
The boulder beetle hits you!!
You die...

...... #.....#..##........#.#
^..... ##.......###.^####....#
#.....###........##..###.......
#...............^....##........
###.##..###.........##........#
##..####......†##.........#
##....#####....#R.........##
#.......####...##.........#
#.........B##@#####.........#
###.........Bs# #.........##
............○.## ##..........#
............°..###......^.#...
...##........○°..###.......#^##
..^ ##..^........###......#..#
#^...........##......#.##
###..........##.....##.#
..#.........#....##.##


You could see a boulder beetle (rolling) and a culicivora.

Vanquished Creatures
  2 emperor scorpions
  An orc warlord (Orc:1)
  A broodmother (Spider:2)
  Nessos (D:15)
  A vampire knight (D:13)
  A dire elephant (D:15)
  A minotaur (Gauntlet)
  A fire dragon (D:15)
  The ghost of ymhsbmbesitwf the Severer, a journeyman MiFi of the Shining One (D:11)
  Fannar (Lair:3)
  2 hydras
  4 vault guards (D:13)
  An ice dragon (IceCv)
  Harold (Lair:1)
  An ogre mage (D:15)
  2 boulder beetles
  2 centaur warriors (D:15)
  A death knight (D:11)
  7 two-headed ogres
  An orc high priest (Orc:2)
  2 demonic crawlers
  2 skeletal warriors
  2 thrashing horrors (Lair:5)
  A shadow wraith (D:13)
  Sonja (D:11)
  A fire crab (Gauntlet)
  The ghost of lugworm the Mimic, a novice DrSh of Lugonu (D:6)
  A pharaoh ant (Spider:1)
  A skyshark (Lair:5)
  6 arcanists
  A deep elf archer (D:12)
  3 orb spiders
  A steelbarb worm (Spider:1)
  A phantasmal warrior (D:13)
  A spectral wolf spider (D:13)
  A necromancer (D:13)
  4 cyclopes
  3 orc sorcerers
  3 manticores
  A wolf spider (Spider:2)
  3 oklob plants
  3 orc knights
  13 ugly things
  A salamander (D:15)
  A moth of wrath (Spider:1)
  10 meliai
  7 elephants
  4 black mambas
  3 kobold blastminers (Orc:2)
  2 ice statues (IceCv)
  5 torpor snails
  2 unseen horrors (D:12)
  A smoke demon (Lair:5)
  10 cane toads
  2 gargoyles
  2 large abominations (Lair:5)
  4 kobold demonologists (D:11)
  3 efreet
  2 rime drakes (IceCv)
  An ice devil (Gauntlet)
  8 komodo dragons
  5 tarantellas
  9 trolls
  2 hornets
  A troll (shapeshifter) (Lair:5)
  A raiju (Lair:5)
  4 polar bears
  9 blink frogs
  7 dream sheep (Lair:5)
  6 jumping spiders
  3 centaur simulacra
  7 culicivoras
  7 shadows
  10 small abominations (Lair:5)
  A spriggan (Lair:5)
  8 slime creatures
  4 wyverns
  3 wraiths
  A ynoxinul (Lair:5)
  33 yaks
  2 fire bats (Gauntlet)
  2 basilisks
  2 yaks (shapeshifter)
  10 humans (D:13)
  4 wargs
  2 steam dragons
  21 redbacks
  An acid dragon (D:11)
  3 chaos spawn (Lair:5)
  Duvessa (D:7)
  4 water moccasins
  2 ice beasts
  17 orc warriors
  A sky beast (D:7)
  2 laughing skulls (D:13)
  A crocodile (shapeshifter) (D:15)
  5 ogres
  4 boggarts (Lair:3)
  19 centaurs
  10 wolves
  A hexer (D:13)
  2 kobold brigands (D:10)
  A scorpion (D:6)
  5 bullfrogs
  12 wights (D:8)
  2 lindwurm simulacra (IceCv)
  23 killer bees
  An electric eel (Lair:5)
  A bombardier beetle (D:6)
  2 howler monkeys
  4 komodo dragon simulacra (IceCv)
  3 jellies
  4 hounds
  A gnoll bouda (D:6)
  13 orc priests
  2 iguanas
  11 orc wizards
  5 hell rats (Lair:5)
  10 gnolls
  7 acid dragon simulacra (IceCv)
  4 adders
  A shadow imp (D:5)
  3 white imps (Gauntlet)
  6 steam dragon simulacra (IceCv)
  2 dart slugs
  A ribbon worm (D:2)
  52 orcs
  6 endoplasms
  3 giant cockroaches
  5 goblins
  12 hobgoblins
  9 jackals
  4 quokkas
  8 ball pythons
  7 bats
  6 frilled lizards
  18 kobolds
  7 rats
655 creatures vanquished.

Vanquished Creatures (collateral kills)
  Josephine (Lair:5)
  Snorg (Lair:5)
  A catoblepas (D:14)
  2 boulder beetles
  A centaur warrior (D:9)
  A two-headed ogre (D:15)
  A tengu warrior (D:11)
  An oklob plant (Orc:2)
  A wolf spider (Spider:1)
  2 orc sorcerers
  A manticore (D:15)
  An elephant (Lair:4)
  A cyclops (Orc:1)
  5 cane toads
  A kobold demonologist (D:11)
  2 rime drakes (IceCv)
  A tarantella (Spider:1)
  2 blink frogs
  A jumping spider (Spider:2)
  A shadow (D:9)
  3 wraiths (Lair:5)
  2 wyverns
  A fire bat (Gauntlet)
  3 basilisks
  15 yaks
  6 humans (D:13)
  2 wargs (Orc:1)
  A water moccasin (Lair:4)
  6 orc warriors
  2 ogres
  3 centaurs
  2 wolves
  2 bullfrogs
  A small abomination (Lair:5)
  A gnoll sergeant (D:4)
  Dowan (D:7)
  7 killer bees
  2 komodo dragon simulacra (IceCv)
  A hound (D:3)
  An orc priest (Orc:2)
  8 orc wizards
  2 hell rats (Lair:5)
  An adder (D:3)
  A shadow imp (D:6)
  A white imp (Gauntlet)
  7 orcs
  6 kobolds
  A bat (D:3)
117 creatures vanquished.

Vanquished Creatures (others)
  The ghost of Iplucs the Ripper, a journeyman FeBe of Trog (D:13)
  2 centaur warriors (D:15)
  The ghost of H0rd4k the Fighter, a novice HuAr of Gozag (D:8)
  An ugly thing (D:15)
  16 hexers
21 creatures vanquished.

Grand Total: 793 creatures vanquished

Notes
Turn   | Place    | Note
-------+----------+-------------------------------------------
     0 | D:1      | James the Minotaur Fighter began the quest for the Orb.
     0 | D:1      | Reached XP level 1. HP: 19/19 MP: 0/0
    62 | D:1      | Reached XP level 2. HP: 15/27 MP: 1/1
   543 | D:1      | Reached XP level 3. HP: 33/33 MP: 2/2
  1252 | D:2      | Found a hazy altar of Hepliaklqana.
  1273 | D:2      | Became a worshipper of Hepliaklqana the Forgotten
  1398 | D:2      | Reached XP level 4. HP: 34/40 MP: 3/3
  2350 | D:3      | Reached * piety under Hepliaklqana
  2386 | D:3      | Reached skill level 5 in Maces & Flails
  2467 | D:3      | Noticed a moth of wrath
  2470 | D:3      | Found a bloodstained altar of Trog.
  2575 | D:3      | Reached XP level 5. HP: 33/41 MP: 4/4
  2884 | D:3      | Found a hazy altar of Hepliaklqana.
  3432 | D:4      | Found a staircase to the Ecumenical Temple.
  3440 | Temple   | Entered the Ecumenical Temple
  3504 | D:4      | Reached XP level 6. HP: 17/46 MP: 5/5
  3993 | D:4      | Reached ** piety under Hepliaklqana
  4073 | D:4      | Found Wiexuv's Magic Scroll Shop.
  4327 | D:5      | Entered Level 5 of the Dungeon
  4435 | D:5      | Reached XP level 7. HP: 24/54 MP: 6/6
  4705 | D:5      | Reached skill level 5 in Fighting
  4705 | D:5      | Reached skill level 5 in Armour
  5820 | D:6      | Found a runed translucent gate.
  5820 | D:6      | Found an opulent altar of Gozag.
  5821 | D:6      | Found a runed translucent gate.
  5822 | D:6      | Found a runed translucent gate.
  5822 | D:6      | Noticed a cyclops
  5823 | D:6      | Noticed lugworm's ghost (novice DrSh)
  6115 | D:6      | Reached XP level 8. HP: 51/63 MP: 7/7
  6511 | D:7      | Reached skill level 10 in Maces & Flails
  6827 | D:7      | Noticed Duvessa
  6828 | D:7      | Noticed Dowan
  6834 | D:7      | Killed Duvessa
  6838 | D:7      | Killed Dowan
  7189 | D:7      | Reached *** piety under Hepliaklqana
  7341 | D:7      | Reached skill level 1 in Dodging
  7873 | D:8      | Reached XP level 9. HP: 52/66 MP: 8/8
  7949 | D:8      | Found Ragemak's Gadget Gallery.
  7985 | D:8      | Found a burning altar of Makhleb.
  8004 | D:8      | Noticed H0rd4k's ghost (novice HuAr)
  8005 | D:8      | Noticed an efreet
  8046 | D:8      | Found a white marble altar of Elyvilon.
  8212 | D:8      | Noticed a two-headed ogre
  8221 | D:8      | Killed a two-headed ogre
  8222 | D:8      | Reached skill level 5 in Shields
  8550 | D:8      | Found an opulent altar of Gozag.
  8604 | D:8      | Reached skill level 5 in Dodging
  8814 | D:8      | Found a transporter.
  8824 | D:8      | Found a transporter.
  8836 | D:8      | Killed H0rd4k's ghost
  8941 | D:8      | Remembered your ancestor Izel as a hexer
  9106 | D:9      | Found Jichiniq's Armour Shoppe.
  9107 | D:9      | Found a staircase to the Orcish Mines.
  9111 | D:9      | Found Ylidgh's Weapon Shoppe.
  9232 | D:9      | Reached **** piety under Hepliaklqana
  9275 | D:9      | Reached XP level 10. HP: 79/79 MP: 9/9
  9369 | D:9      | Found a glowing silver altar of Zin.
  9372 | D:9      | Found a broken altar of Ashenzari.
  9378 | D:9      | Found a blossoming altar of Fedhas.
  9380 | D:9      | Found a hide-covered altar of Uskayaw.
  9380 | D:9      | Found a glowing golden altar of the Shining One.
  9438 | D:9      | Found Febriy's Book Shoppe.
  9479 | D:9      | Noticed a two-headed ogre
  9487 | D:9      | Killed a two-headed ogre
  9587 | D:9      | Identified the +2 pair of boots "Amis" {rPois Will- MP-9
                  | SInv}
  9663 | D:9      | Noticed a boulder beetle
  9690 | D:9      | Killed a boulder beetle
  9791 | D:9      | Noticed a green ugly thing
  9799 | D:9      | Killed a green ugly thing
  9804 | D:9      | Noticed a centaur warrior
  9808 | D:9      | Killed a centaur warrior
  9809 | D:9      | Reached skill level 10 in Fighting
  9809 | D:9      | Reached skill level 10 in Armour
  9962 | D:9      | Identified the +1 pair of gloves of Lakinoh {rElec Will-
                  | Int+5}
  9983 | D:9      | Identified the +2 leather armour of Leapfrog {rF+ Will+}
 10148 | D:10     | Entered Level 10 of the Dungeon
 10155 | D:10     | Reached XP level 11. HP: 72/89 MP: 10/10
 10254 | D:10     | Reached skill level 1 in Invocations
 10352 | D:10     | Paralysed by a hornet for 1 turns
 11071 | D:11     | Noticed a tengu warrior
 11082 | D:11     | Killed a tengu warrior
 11083 | D:11     | Reached skill level 5 in Invocations
 11357 | D:11     | Noticed an oklob plant
 11359 | D:11     | Noticed an oklob plant
 11425 | D:11     | Noticed a two-headed ogre
 11427 | D:11     | Noticed Sonja
 11456 | D:11     | Killed a two-headed ogre
 11462 | D:11     | Killed Sonja
 11505 | D:11     | Found a runed translucent gate.
 11505 | D:11     | Found a runed translucent gate.
 11506 | D:11     | Noticed ymhsbmbesitwf's ghost (journeyman MiFi)
 11507 | D:11     | Found a runed translucent gate.
 11534 | D:11     | Found a staircase to the Lair.
 11739 | D:11     | Noticed a sixfirhy
 11742 | D:11     | Noticed a soul eater
 12257 | D:6      | Killed lugworm's ghost
 12265 | D:6      | Reached XP level 12. HP: 80/97 MP: 17/17
 12680 | Lair:1   | Entered Level 1 of the Lair of Beasts
 12719 | Lair:1   | Found a transporter.
 12757 | Lair:1   | Noticed Harold
 12766 | Lair:1   | Killed Harold
 13359 | Lair:1   | Reached skill level 10 in Invocations
 13364 | Lair:1   | Found a transporter.
 13365 | Lair:1   | Found the +5 Force Lance {heavy, knockback}
 14071 | Lair:2   | Found a staircase to the Shoals.
 14100 | Lair:2   | Reached ***** piety under Hepliaklqana
 14162 | Lair:2   | Reached XP level 13. HP: 107/107 MP: 10/19
 14171 | Lair:2   | Found a hole to the Spider Nest.
 14474 | Lair:2   | Found an iron altar of Okawaru.
 15018 | Lair:3   | Noticed Fannar
 15032 | Lair:3   | Killed Fannar
 16287 | D:4      | Bought a scroll of identify for 20 gold pieces
 16287 | D:4      | Bought a scroll of identify for 20 gold pieces
 16289 | D:4      | Bought a scroll of enchant weapon for 75 gold pieces
 16289 | D:4      | Bought a scroll of brand weapon for 95 gold pieces
 16289 | D:4      | Bought a scroll of teleportation for 30 gold pieces
 16289 | D:4      | Bought a scroll of fog for 40 gold pieces
 17536 | Lair:5   | Entered Level 5 of the Lair of Beasts
 17637 | Lair:5   | Found a viscous altar of Jiyva.
 17638 | Lair:5   | Found a staircase to the Slime Pits.
 17783 | Lair:5   | Noticed Josephine
 17813 | Lair:5   | Killed Josephine
 17959 | Lair:5   | Noticed Snorg
 17963 | Lair:5   | Killed Snorg
 18601 | Lair:5   | Reached skill level 15 in Maces & Flails
 18739 | Lair:5   | Reached XP level 14. HP: 118/118 MP: 11/20
 18760 | Lair:5   | Reached skill level 10 in Dodging
 19093 | Lair:5   | Found a corrupted altar of Lugonu.
 19093 | Lair:5   | Found a one-way gate to the infinite horrors of the Abyss.
 20806 | D:11     | Killed ymhsbmbesitwf's ghost
 20989 | Orc:1    | Entered Level 1 of the Orcish Mines
 21052 | Orc:1    | Found Daintul's General Store.
 21614 | Orc:2    | Entered Level 2 of the Orcish Mines
 21935 | Orc:2    | Found Juup Naa's Antique Weapon Emporium.
 22083 | Orc:2    | Found Yliolum's General Store.
 22090 | Orc:2    | Paralysed by an orc sorcerer for 2 turns
 22093 | Orc:2    | Reached skill level 15 in Fighting
 22108 | Orc:2    | Bought a scroll of identify for 34 gold pieces
 22128 | Orc:2    | Found a staircase to the Elven Halls.
 22159 | Orc:2    | Found Ciph's Jewellery Emporium.
 22162 | Orc:2    | Paralysed by an orc sorcerer for 3 turns
 22170 | Orc:2    | Reached skill level 15 in Armour
 22430 | Orc:2    | Noticed an orc warlord
 22469 | Orc:1    | Killed an orc warlord
 23004 | Orc:2    | Found Kanet's Antique Armour Emporium.
 23300 | Orc:2    | Found Juup Naa's Antique Weapon Emporium.
 23413 | Orc:2    | Found Kanet's Antique Armour Emporium.
 23477 | Orc:2    | Found Ciph's Jewellery Emporium.
 23517 | Orc:2    | Found a staircase to the Elven Halls.
 23534 | Orc:2    | Found Yliolum's General Store.
 23967 | D:13     | Found a frozen archway.
 24014 | IceCv    | Entered an ice cave
 24639 | IceCv    | Identified the ring "Syehau Wuri" {rC+ Int+2}
 24967 | D:13     | Found Fyxkaroa's General Store.
 25021 | D:13     | Found an opulent altar of Gozag.
 25248 | D:13     | Reached XP level 15. HP: 126/126 MP: 13/22
 25310 | D:13     | Reached skill level 10 in Shields
 25481 | D:13     | Found a gate to the Vaults.
 25775 | D:13     | Found a transporter.
 25777 | D:13     | Noticed Iplucs's ghost (journeyman FeBe)
 25974 | D:13     | Found a transporter.
 26510 | D:13     | Reached ****** piety under Hepliaklqana
 27112 | D:15     | Entered Level 15 of the Dungeon
 27184 | D:15     | Found a gate leading to a gauntlet.
 27198 | Gauntlet | Entered a Gauntlet
 27198 | Gauntlet | Found a transporter.
 27198 | Gauntlet | Found a transporter.
 27210 | Gauntlet | Found a transporter.
 27228 | Gauntlet | Found a transporter.
 27228 | Gauntlet | Found a transporter.
 27228 | Gauntlet | Found a transporter.
 27230 | Gauntlet | Found a transporter.
 27230 | Gauntlet | Found a transporter.
 27245 | Gauntlet | Found a transporter.
 27258 | Gauntlet | Found a transporter.
 27268 | Gauntlet | Found a transporter.
 27282 | Gauntlet | Found a transporter.
 27302 | Gauntlet | Found a transporter.
 27315 | Gauntlet | Found a transporter.
 27483 | Gauntlet | Identified the +2 pair of gloves "Caym Figh" {+Inv}
 27519 | Gauntlet | Found the +3 Mad Mage's Maulers {Infuse+∞ VampMP -Cast}
 27669 | Gauntlet | Got the Book of the Lost Defenders
 27671 | Gauntlet | Identified the +0 troll leather armour of Lies {Regen+
                  | Str+3}
 27674 | Gauntlet | Got the Collected Works on Fuming Scree
 27735 | D:15     | Noticed Roxanne
 27881 | D:15     | Found a staircase to the Depths.
 27888 | D:15     | Noticed Nessos
 27896 | D:15     | Killed Nessos
 28133 | D:15     | Paralysed by an ogre mage for 5 turns
 28140 | D:15     | Paralysed by an ogre mage for 4 turns
 28938 | D:15     | Found a hide-covered altar of Uskayaw.
 29049 | D:15     | Found a shimmering altar of Xom.
 29493 | D:15     | Reached skill level 15 in Shields
 30081 | D:13     | Killed Iplucs's ghost
 30279 | D:13     | Identified a scroll of acquirement
 30417 | Spider:1 | Entered Level 1 of the Spider Nest
 30812 | Spider:1 | Noticed an emperor scorpion
 30818 | Spider:1 | Killed an emperor scorpion
 31001 | Lair:2   | Acquired a +0 crystal plate armour
 31165 | Spider:1 | Reached XP level 16. HP: 134/134 MP: 14/23
 32404 | Spider:2 | Slain by a boulder beetle

Illustrated notes

Levels and vault maps discovered:
D:1:      mrwooster_arrival_statue_3, layout_loops_corners,
          columned_hall_lemuel, st_stairs_9
D:2:      layout_basic, basic_altar
D:3:      layout_basic, tgw_trog, lemuel_doored_altar,
          minmay_misc_feat_more_columns, st_stairs_9, grunt_ministairs_15
D:4:      layout_loops_ring, temple_statues, serial_shops,
          nicolae_shop_getting_attention, grunt_ministairs_8, solitary_fountain,
          hex_large
D:5:      mumra_celtic_spiral_tile, layout_loops_ring,
          dreamdust_princess_corridor
D:6:      layout_loops_ring, ebering_ghost_gozag
D:7:      layout_layer_cave, hangedman_decor_slide_cut, uniq_duvessa
D:8:      layout_loops_corners, mainiacjoe_overflow_alcove_4,
          mainiacjoe_overflow_surrounded_room, general_overflow_altar,
          gammafunk_ghost_arena, nicolae_shop_gadgets
D:9:      minmay_the_grid_net [minmay_the_grid_empty, minmay_the_grid_all_tris,
          minmay_the_grid_mess, minmay_the_grid_spikes, minmay_the_grid_box_x,
          minmay_the_grid_prize_four_corners_diamond_b], layout_small_grid,
          grunt_temple_overflow_open, orc_david_3, serial_shops,
          nicolae_shop_real_fake_doors
D:10:     nicolae_cairo_tiling_very_big, layout_rooms, st_stairs_11
D:11:     layout_rooms, dpeg_oklobed_lair, ebering_ghost_rock_garden, uniq_sonja
D:12:     layout_rooms, grunt_tough_drop
D:13:     layout_irregular_city, grunt_vaults_entry_tiered,
          gammafunk_ghost_mausoleum, serial_shops, shop,
          portal_ice_cave_entry_pillars_1,
          nicolae_gozag_cash_rules_everything_around_me
D:14:     layout_loops_cross, bh_walls_and_bars
D:15:     hangedman_depths_entry_try_elsewhere_first, layout_loops_corners,
          gauntlet_entry_generic, nicolae_uskayaw_en_pointe,
          xom_confusion_cloud, uniq_nessos, uniq_roxanne
Temple:   hc_temple_tempest_star
Lair:1:   gammafunk_worm_tunnel, layout_cave_pods, uniq_harold
Lair:2:   layout_long_grid, minmay_shoals_entry_centaurs,
          hellmonk_spider_entry_not_the_bees, chequers_serial_rivers_micro_e,
          lemuel_centaur_altar
Lair:3:   layout_roguey, kilobyte_rumbling_trees, uniq_fannar
Lair:4:   layout_small_grid
Lair:5:   hellmonk_lair_end_abyssal_woods, layout_gridlike, slime_entry_1,
          nicolae_quartered_pool_impasse, serial_bayou_shore_b,
          infiniplex_staircase_pool_2, uniq_josephine, uniq_snorg
Spider:1: layout_spider_delve
Spider:2: layout_chambers, nicolae_spider_rock_and_or_roll
Orc:1:    layout_caves, serial_shops, shop
Orc:2:    grunt_orc_gardens, layout_caves, grunt_orc_garden, grunt_orc_garden,
          grunt_orc_garden, grunt_orc_garden, mines3_lemuel

Skill      XL: |  1  2  3  4  5  6  7  8  9 10 11 12 13 14 15 |
---------------+----------------------------------------------+-----
Maces & Flails | 3 4 5 7 8 9 12 13 14 15 16 | 16.0
Armour         | 4 6 7 10 12 14 15 | 15.8
Fighting       | 4 6 7 10 12 14 15 | 15.8
Shields        | 4 6 9 16 | 16.4
Dodging        | 2 5 6 7 9 10 | 10.0
Invocations    | 8 10 11 | 11.4

Action                     |  1- 3 |  4- 6 |  7- 9 | 10-12 | 13-15 | 16-18 || total
---------------------------+-------+-------+-------+-------+-------+-------++-------
  Melee: Flail             |    91 |   122 |   105 |   412 |   944 |    28 ||  1702
         Headbutt          |     9 |    15 |    24 |   102 |   259 |    17 ||   426
         Mace              |       |       |    62 |       |       |       ||    62
         Morningstar       |       |       |       |       |       |    64 ||    64
  Throw: Dart              |       |       |       |       |     1 |       ||     1
 Invoke: Recall Ancestor   |       |       |     2 |       |     2 |       ||     4
         Ancestor Life: He |       |       |     1 |       |       |       ||     1
         Idealise          |       |       |       |     1 |     8 |     1 ||    10
  Evoke: Wand              |       |       |     8 |       |       |       ||     8
    Use: Scroll            |       |     3 |     8 |     1 |    16 |     9 ||    37
         Potion            |       |       |       |     1 |     3 |       ||     4
   Stab: Distracted        |       |     1 |     2 |     8 |    19 |       ||    30
         Confused          |       |       |       |    13 |    19 |     3 ||    35
         Paralysed         |       |       |       |       |    25 |    15 ||    40
 Armour: Scale mail        |    62 |    89 |    13 |       |       |       ||   164
         Chain mail        |       |       |   105 |       |       |       ||   105
         Plate armour      |       |       |     1 |   261 |   661 |       ||   923
         Acid dragon scale |       |       |       |     5 |     3 |       ||     8
         Crystal plate arm |       |       |       |       |     4 |    93 ||    97
  Dodge: Dodged            |    37 |    56 |    95 |   229 |   472 |    46 ||   935
  Block: Buckler           |    30 |    36 |    29 |   108 |   166 |       ||   369
         Kite shield       |       |       |       |       |   298 |   116 ||   414
         Reflection        |       |       |       |       |    25 |       ||    25
